 Dungeon Crawl Stone Soup version 0.27.1-4-g1640c2035a (webtiles) character file.

Game seed: 10776146700209652946

11734 raph the Geomancer (level 11, -9/61 HPs)
             Began as a Deep Elf Earth Elementalist on Nov 7, 2021.
             Was a Priest of Kikubaaqudgha.
             Mangled by a cane toad (19 damage)
             ... on level 2 of the Lair of Beasts.
             The game lasted 00:32:05 (14029 turns).

raph the Geomancer (Deep Elf Earth Elementalist)   Turns: 14029, Time: 00:32:05

Health: -9/61      AC:  7    Str:  6    XL:     11   Next: 53%
Magic:  15/31      EV: 15    Int: 22    God:    Kikubaaqudgha [***...]
Gold:   405        SH:  9    Dex: 22    Spells: 1/22 levels left

rFire    . . .     SeeInvis .   b - staff of earth
rCold    . . .     Faith    .   B - +3 buckler
rNeg     . . .     Spirit   .   v - +1 troll leather armour {Purgy}
rPois    .         Reflect  .   (no helmet)
rElec    .         Harm     .   C - +1 cloak
rCorr    .         Rampage  .   (no gloves)
Will     +....                  (no boots)
Stlth    ++++......             q - amulet of the acrobat
HPRegen  1.20/turn              x - +6 ring of dexterity
MPRegen  0.22/turn              o - ring of magical power

@: no status effects
A: no striking features
a: Renounce Religion, Receive Corpses


You were on level 2 of the Lair of Beasts.
You worshipped Kikubaaqudgha.
Kikubaaqudgha was most pleased with you.
You visited 2 branches of the dungeon, and saw 11 of its levels.
You also visited: Sewer and Bailey.

You collected 609 gold pieces.
You spent 204 gold pieces at shops.

Inventory:

Hand Weapons
 a - a +6 short sword of freezing
 e - a +0 dagger
Missiles
 c - 193 stones
Armour
 d - a +0 leather armour
 f - a +0 robe
 v - a +1 troll leather armour (worn) {Purgy}
 A - +0 pearl dragon scales
 B - a +3 buckler (worn)
 C - a +1 cloak (worn)
Magical Staves
 b - a staff of earth (weapon)
Jewellery
 g - a ring of flight
 o - a ring of magical power (right hand)
 q - an amulet of the acrobat (around neck)
 x - a +6 ring of dexterity (left hand)
Wands
 h - a wand of mindburst (22)
 p - a wand of acid (14)
 w - a wand of iceblast (7)
 H - a wand of flame (38)
Scrolls
 i - a scroll of blinking
 n - 4 scrolls of teleportation
 r - 4 scrolls of fear
 y - a scroll of fog
 E - a scroll of magic mapping
 I - a scroll of amnesia
 K - 2 scrolls of enchant weapon
 L - a scroll of silence
 M - a scroll of identify
Potions
 j - 3 potions of cancellation
 k - a potion of berserk rage
 l - 2 potions of attraction
 m - 4 potions of might
 s - 2 potions of brilliance {unknown}
 t - 2 potions of haste
 u - a potion of mutation {unknown}
 z - 3 potions of magic
 D - a potion of ambrosia {unknown}
 F - 2 potions of curing
 J - a potion of resistance {unknown}
Miscellaneous
 G - a phantom mirror


   Skills:
 + Level 4.0 Fighting
 + Level 6.4 Dodging
 + Level 7.1 Stealth
 - Level 4.0 Shields
 + Level 6.3 Spellcasting
 - Level 5.2 Summonings
 + Level 10.6 Necromancy
 - Level 1.1 Transmutations
 + Level 12.0 Earth Magic


You had one spell level left.
You knew the following spells:

 Your Spells              Type           Power      Damage    Failure   Level
a - Sandblast             Erth           100%       2d20      1%          1
b - Passwall              Tmut/Erth      43%        N/A       1%          2
c - Stone Arrow           Conj/Erth      100%       3d13      3%          3
d - Petrify               Tmut/Erth      52%        N/A       9%          4
e - Call Imp              Summ           30%        N/A       2%          2
f - Animate Skeleton      Necr           100%       N/A       1%          1
g - Vampiric Draining     Necr           26%        2d9       1%          3
h - Borgnjor's Vile Clut  Necr/Erth      35%        N/A       3%          5

Your spell library contained the following spells:

 Spells                   Type           Power      Damage    Failure   Level
 Pain                     Necr           100%       1d9       1%          1
 Summon Small Mammal      Summ           100%       N/A       1%          1
 Apportation              Tloc           14%        N/A       14%         1
 Corona                   Hex            7%         N/A       14%         1
 Magic Dart               Conj           28%        1d4       14%         1
 Sublimation of Blood     Necr           26%        N/A       1%          2
 Animate Dead             Necr           26%        N/A       1%          4
 Dispel Undead            Necr           52%        3d19      1%          4
 Corpse Rot               Necr/Air       N/A        N/A       2%          2
 Call Canine Familiar     Summ           30%        N/A       4%          3
 Agony                    Necr           52%        N/A       4%          5
 Leda's Liquefaction      Hex/Erth       25%        N/A       12%         4
 Ensorcelled Hibernation  Hex/Ice        14%        N/A       21%         2
 Slow                     Hex            7%         N/A       21%         2
 Death Channel            Necr           26%        N/A       26%         6
 Confusing Touch          Hex            7%         N/A       38%         3
 Inner Flame              Hex/Fire       7%         N/A       38%         3
 Mephitic Cloud           Conj/Pois/Air  7%         N/A       38%         3
 Ozocubu's Armour         Ice            7%         N/A       38%         3
 Portal Projectile        Hex/Tloc       14%        N/A       38%         3
 Tukima's Dance           Hex            7%         N/A       38%         3
 Cause Fear               Hex            3%         N/A       80%         4
 Ozocubu's Refrigeration  Ice            3%         4d5       100%        7
 Discord                  Hex            3%         N/A       100%        8


Dungeon Overview and Level Annotations

Branches:
Dungeon (9/15)             Temple (0/1) D:4            Lair (2/6) D:9
  Sewer (visited)          Bailey (visited)
  Swamp: Lair:2-4    Shoals: Lair:2-4     Snake: Lair:2-4    Spider: Lair:2-4
    Orc: D:9-12

Altars:
Kikubaaqudgha
Nemelex Xobeh

Shops:
D:4 (((?=   D:8 *

Annotations:
D:1 apport
D:3 3 runed translucent doors, diceflayer's ghost, amateur MiFi
D:4 1 runed translucent door, Setanta's ghost, amateur GnFi
D:6 3 runed translucent doors, raph's ghost, novice DEEE
D:9 3 runed translucent doors, ABBCCCDDDD's ghost, journeyman HODe


Message History

Your Fighting skill increases to level 4!
Casting: Sandblast (safe; 1% risk of failure)
Confirm with . or Enter, or press ? or * to list all spells.
Aiming: Borgnjor's Vile Clutch (dangerous; 3% risk of failure)
Press: ? - help, Shift-Dir - straight line You feel a surge of power!
Zombie hands grab the cane toad.
Zombie hands grab the polar bear.
The zombie hands constrict the polar bear.
The zombie hands constrict the cane toad!
You feel very sick.
The polar bear struggles to escape constriction.
The cane toad stings you!
* * * LOW HITPOINT WARNING * * *
You are lethally poisoned!
The cane toad poisons you!
The zombie hands constrict the polar bear, but do no damage.
The zombie hands constrict the cane toad!
* * * LOW HITPOINT WARNING * * *
You feel extremely sick.
The polar bear struggles to escape constriction.
The cane toad struggles to escape constriction.
You feel better.
The zombie hands constrict the polar bear.
The zombie hands constrict the cane toad.
The cane toad escapes!
The polar bear struggles to escape constriction.
Casting: Borgnjor's Vile Clutch (dangerous; 3% risk of failure)
Confirm with . or Enter, or press ? or * to list all spells.
Aiming: Borgnjor's Vile Clutch (dangerous; 3% risk of failure)
Press: ? - help, Shift-Dir - straight line, f - cane toad
Aim: a cane toad (heavily wounded, 100% to hit)
You feel a surge of power!
Zombie hands grab the cane toad.
The polar bear is unaffected.
The zombie hands constrict the polar bear.
The zombie hands constrict the cane toad.
The zombie hands release their grip on the polar bear.
The cane toad stings you!!
You die...
Kikubaaqudgha rasps: "You have failed me!
Welcome... death!"

≈≈ ..≈...... .... . #.
......... h.... .. #.
#...# #..# .....
...##.##...# ##.## ......
...........###...###......
...................h......
.....#....................
....###...#.###P.F#.......
.P..#.P...#.##P.@.###.....
..................P.P.....
..........................
...>P.........##..###.....
..#P.P#..P...##P..# ....
.#........[...##..# ..
...............#... .
....................
.....................


You could see a polar bear and a cane toad (clutched).

Vanquished Creatures
  A hydra (Lair:1)
  An ugly thing (D:9)
  2 black mambas
  2 cane toads (Lair:1)
  2 hornets
  Prince Ribbit (D:5)
  2 wyverns
  Grum (D:9)
  26 yaks
  A steam dragon (D:9)
  2 basilisks
  2 water moccasins
  Purgy (Sewer)
  2 black bears
  A sky beast (D:7)
  2 ice beasts
  2 hornet zombies
  2 orc warriors (D:9)
  A necrophage (D:6)
  2 wolves (D:9)
  3 ogres
  A centaur (D:7)
  3 phantoms
  6 bullfrogs
  A water moccasin zombie (D:5)
  3 wights (D:7)
  3 killer bees (D:8)
  2 electric eels (Lair:1)
  2 howler monkeys (D:6)
  3 jellies
  A lava snake (D:8)
  2 gnoll shamans
  4 centaur zombies
  4 hounds
  A centaur skeleton (D:4)
  4 orc priests
  3 bullfrog skeletons
  4 iguanas
  8 orc wizards
  2 killer bee zombies
  A hound zombie (D:5)
  11 gnolls
  10 adders
  A howler monkey skeleton (D:6)
  A white imp (D:5)
  An ufetubus (D:5)
  3 worms
  4 dart slugs
  19 orcs
  15 ball pythons
  10 bats
  4 endoplasms
  7 giant cockroaches
  13 goblins
  7 hobgoblins
  3 jackals (D:2)
  5 quokkas
  7 frilled lizards
  10 kobolds
  8 rats
256 creatures vanquished.

Vanquished Creatures (collateral kills)
  A yak (Lair:1)
1 creature vanquished.

Vanquished Creatures (others)
  5 plants
5 creatures vanquished.

Grand Total: 262 creatures vanquished

Notes
Turn   | Place    | Note
-------+----------+-------------------------------------------
     0 | D:1      | raph the Deep Elf Earth Elementalist began the quest for
                  | the Orb.
     0 | D:1      | Reached XP level 1. HP: 10/10 MP: 6/6
    96 | D:1      | Reached XP level 2. HP: 15/15 MP: 2/8
   325 | D:1      | Found a faded altar of an unknown god.
   644 | D:1      | Reached XP level 3. HP: 10/20 MP: 5/9
   647 | D:1      | Learned a level 2 spell: Passwall
   651 | D:1      | Learned a level 3 spell: Stone Arrow
  1143 | D:2      | Reached skill level 4 in Earth Magic
  1532 | D:2      | Reached skill level 1 in Fighting
  1532 | D:2      | Reached XP level 4. HP: 14/25 MP: 4/11
  2923 | D:3      | Found a runed translucent gate.
  3178 | D:3      | Found a runed translucent gate.
  3178 | D:3      | Noticed diceflayer's ghost (amateur MiFi)
  3179 | D:3      | Found a runed translucent gate.
  3180 | D:3      | Noticed a kobold brigand
  3199 | D:3      | Identified a scroll of acquirement
  3199 | D:3      | Acquired a staff of earth
  3285 | D:3      | Reached XP level 5. HP: 29/29 MP: 12/12
  3364 | D:3      | Found an ancient bone altar of Kikubaaqudgha.
  3369 | D:3      | Became a worshipper of Kikubaaqudgha
  3772 | D:4      | Learned a level 4 spell: Petrify
  3869 | D:4      | Reached skill level 5 in Earth Magic
  3951 | D:4      | Noticed an ogre
  4054 | D:4      | Killed an ogre
  4055 | D:4      | Reached XP level 6. HP: 34/34 MP: 14/14
  4232 | D:4      | Found Letipp's Antique Weapon Shoppe.
  4232 | D:4      | Found Sutokh's Weapon Boutique.
  4242 | D:4      | Found Exopuf's Weapon Shop.
  4252 | D:4      | Reached skill level 6 in Earth Magic
  4322 | D:4      | Reached skill level 7 in Earth Magic
  4391 | D:4      | Found Tuovill's Magic Scroll Emporium.
  4401 | D:4      | Bought 2 scrolls of fear for 77 gold pieces
  4402 | D:4      | Bought a scroll of teleportation for 33 gold pieces
  4402 | D:4      | Bought a scroll of identify for 22 gold pieces
  4406 | D:4      | Found Focsy's Jewellery Shop.
  4674 | D:4      | Reached XP level 7. HP: 29/38 MP: 15/15
  5039 | D:4      | Found a staircase to the Ecumenical Temple.
  5084 | D:4      | Found a runed translucent door.
  5084 | D:4      | Noticed Setanta's ghost (amateur GnFi)
  5127 | D:4      | You are sucked into a shaft and drop 1 floor!
  5127 | D:5      | Entered Level 5 of the Dungeon
  5143 | D:5      | Reached skill level 8 in Earth Magic
  5338 | D:5      | Found a glowing drain.
  5349 | Sewer    | Entered a sewer
  5509 | Sewer    | Noticed Purgy
  5537 | Sewer    | Killed Purgy
  5704 | Sewer    | Learned a level 2 spell: Call Imp
  5713 | D:5      | Reached * piety under Kikubaaqudgha
  5713 | D:5      | Received a gift from Kikubaaqudgha
  5828 | D:5      | Reached skill level 1 in Summonings
  5828 | D:5      | Reached skill level 1 in Necromancy
  5942 | D:5      | Reached skill level 9 in Earth Magic
  5942 | D:5      | Reached XP level 8. HP: 43/43 MP: 15/16
  5955 | D:5      | Learned a level 2 spell: Sublimation of Blood
  6413 | D:5      | Noticed Prince Ribbit
  6422 | D:5      | Killed Prince Ribbit
  6816 | D:5      | Reached skill level 1 in Shields
  7590 | D:6      | Reached skill level 5 in Stealth
  7590 | D:6      | Reached XP level 9. HP: 49/49 MP: 17/17
  7609 | D:6      | Reached ** piety under Kikubaaqudgha
  8035 | D:6      | Found a runed translucent gate.
  8036 | D:6      | Noticed raph's ghost (novice DEEE)
  8037 | D:6      | Found a runed translucent gate.
  8039 | D:6      | Found a runed translucent gate.
  8089 | D:6      | Reached skill level 5 in Necromancy
  8459 | D:7      | Found a flagged portal.
  8689 | Bailey   | Entered a bailey
  8689 | Bailey   | Noticed an orc knight
  8702 | D:7      | Paralysed by a hornet for 1 turns
  8707 | D:7      | Reached skill level 5 in Dodging
  8977 | D:7      | Found a sparkling altar of Nemelex Xobeh.
  9494 | D:7      | Learned a level 3 spell: Vampiric Draining
  9959 | D:8      | Reached skill level 5 in Spellcasting
 10293 | D:8      | Found Kehun's Assorted Antiques.
 10296 | D:8      | Bought a dark potion for 34 gold pieces
 10296 | D:8      | Bought a scroll labelled QICOIH VAROENI for 38 gold pieces
 10596 | D:8      | Reached XP level 10. HP: 53/56 MP: 19/19
 10612 | D:8      | Reached skill level 10 in Earth Magic
 10901 | D:9      | Learned a level 1 spell: Animate Skeleton
 10940 | D:9      | Found a staircase to the Lair.
 11024 | D:9      | Noticed a death yak
 11343 | D:9      | Reached skill level 5 in Summonings
 11577 | D:9      | Noticed Grum
 11593 | D:9      | Killed Grum
 11877 | D:9      | Found a runed translucent gate.
 11878 | D:9      | Found a runed translucent gate.
 11879 | D:9      | Found a runed translucent gate.
 11880 | D:9      | Noticed ABBCCCDDDD's ghost (journeyman HODe)
 11917 | D:9      | Reached *** piety under Kikubaaqudgha
 11917 | D:9      | Received a gift from Kikubaaqudgha
 11924 | D:9      | Learned a level 5 spell: Borgnjor's Vile Clutch
 12017 | D:9      | Identified the +1 hat "Ingetil" {rC+ Will+ Int-5}
 12163 | D:9      | Noticed a green ugly thing
 12170 | D:9      | Killed a green ugly thing
 12491 | Lair:1   | Entered Level 1 of the Lair of Beasts
 12570 | Lair:1   | Noticed a black mamba
 12576 | Lair:1   | Killed a black mamba
 12577 | Lair:1   | Reached XP level 11. HP: 60/60 MP: 6/22
 12693 | Lair:1   | Identified the +3 war axe "Osogiu" {antimagic, *Slow rElec
                  | rPois}
 12758 | Lair:1   | Reached skill level 11 in Earth Magic
 13169 | Lair:1   | Reached skill level 10 in Necromancy
 13852 | Lair:1   | Noticed a seven-headed hydra
 13856 | Lair:1   | Killed a seven-headed hydra
 13857 | Lair:1   | Reached skill level 12 in Earth Magic
 14027 | Lair:2   | HP: 2/61 [poisoned by a cane toad]
 14029 | Lair:2   | Mangled by a cane toad

Illustrated notes

Levels and vault maps discovered:
D:1:      grunt_arrival_lava_bath, layout_rooms,
          dreamdust_ecumenical_altar_statues, serial_forest,
          infiniplex_forest_end_2, infiniplex_forest_lined_3,
          infiniplex_forest_straight_1, infiniplex_forest_straight_4,
          infiniplex_forest_lined_3_way, infiniplex_forest_lined_corner,
          infiniplex_forest_clump_tiny, infiniplex_forest_clump_curved,
          infiniplex_forest_clump_tiny
D:2:      layout_basic, grunt_ministairs_10, minmay_close_crescents
D:3:      layout_rooms, mainiacjoe_overflow_alcove_2,
          gammafunk_ghost_nasty_kobolds
D:4:      minmay_recursive_quarters, layout_basic, minmay_temple_entry_junction,
          serial_shops, shop, shop, shop, shop, shop, gammafunk_ghost_grave,
          chequers_big_river
D:5:      cheibrodos_barr_body, layout_rooms, cheibrodos_sewer_entry_drain,
          uniq_prince_ribbit1
D:6:      layout_loops_corners, ebering_ghost_rock_garden
D:7:      layout_basic, mainiacjoe_overflow_cross_hatched, enter_bailey_5
D:8:      layout_basic, serial_shops, nicolae_shop_behind_doors,
          kennysheep_path_1, grunt_ministairs_9
D:9:      layout_roguey, david_lair_generic, ebering_ghost_rock_garden,
          uniq_grum
Lair:1:   layout_misc_corridors, grunt_megastairs_1, serial_bayou_shore_a,
          serial_bayou_shore_b
Lair:2:   regret_index_harrowing_hell_hive, layout_gridlike,
          elwin_shoals_entry_rocks, minmay_snake_entry_guardpost_small

Skill      XL: |  1  2  3  4  5  6  7  8  9 10 11 |
---------------+----------------------------------+-----
Stealth        | 3 5 6 7 |  7.1
Earth Magic    | 4 5 7 9 10 12 | 12.0
Dodging        | 3 4 5 6 |  6.4
Fighting       | 1 2 3 4 |  4.0
Spellcasting   | 4 5 6 |  6.3
Summonings     | 1 3 4 5 |  5.2
Necromancy     | 2 4 6 9 10 | 10.6
Shields        | 1 3 4 |  4.0
Transmutations | |  1.1

Action                   |  1- 3 |  4- 6 |  7- 9 | 10-12 || total
-------------------------+-------+-------+-------+-------++-------
Melee: Dagger            |     7 |       |       |       ||     7
       Short sword       |    25 |     6 |       |    29 ||    60
       Staff             |       |     1 |       |     1 ||     2
 Cast: Sandblast         |    47 |    36 |    75 |    87 ||   245
       Stone Arrow       |       |    38 |   109 |    55 ||   202
       Passwall          |       |     1 |     1 |     2 ||     4
       Call Imp          |       |       |     3 |       ||     3
       Petrify           |       |       |     1 |     2 ||     3
       Borgnjor's Vile C |       |       |       |    13 ||    13
       Animate Skeleton  |       |       |       |     7 ||     7
       Vampiric Draining |       |       |       |     3 ||     3
  Use: Scroll            |       |     8 |    14 |     2 ||    24
       Potion            |       |     1 |       |     1 ||     2
 Stab: Sleeping          |     3 |     1 |       |       ||     4
Armor: Leather armour    |    11 |     8 |     1 |       ||    20
       Troll leather arm |       |       |     6 |     9 ||    15
Dodge: Dodged            |    49 |    15 |    48 |    41 ||   153
Block: Buckler           |       |       |    10 |    36 ||    46
